 Dungeon Crawl Stone Soup version 0.18-a0-1229-ge9a1a01 (webtiles) character file.

347176 namelastname112 the Warrior (level 20, 162/178 HPs)
             Began as a Red Draconian Enchanter on Feb 3, 2016.
             Was the Champion of Ashenzari.
             Quit the game on level 2 of the Vaults on Feb 4, 2016.
             The game lasted 03:21:42 (55100 turns).

namelastname112 the Warrior (DrEn)                 Turns: 55100, Time: 03:21:43

Health: 162/178    AC: 22    Str:  8    XL:     20   Next: 84%
Magic:  32/37      EV: 27    Int: 16    God:    Ashenzari [******]
Gold:   3347       SH: 13    Dex: 19    Spells: 7 memorised, 17 levels left

rFire  + + .     SeeInvis +     Q - +6 dagger (speed)
rCold  + + .     Gourm    .     (armour unavailable)
rNeg   + . .     Faith    .     u - +0 shield {rPois} (curse)
rPois  +         Spirit   .     F - +2 hat {SInv} (curse)
rElec  .         Dismiss  .     K - +0 cloak of Midwinter {rF+ rC+ Str-4 Slay+3} (curse)
rCorr  .         Reflect  .     U - +2 pair of gloves (curse)
SustAt .         Harm     .     O - +0 pair of boots (curse)
MR     ++++.     Clarity  +     n - amulet of the Four Winds {rN+ MR+++ Clar} (curse)
Stlth  ++++++....               W - ring of protection from cold (curse)
                                r - +5 ring of protection (curse)

@: flying, incredibly resistant to hostile enchantments, very stealthy
A: breathe fire, unfitting armour, big wings, clarity, fire resistance 1,
regeneration 1, cold-blooded, AC +10
a: Breathe Fire, Stop Flying, Scrying, Transfer Knowledge, Renounce Religion
}: 3/15 runes: barnacled, abyssal, gossamer


You were on level 2 of the Vaults.
You worshipped Ashenzari.
Ashenzari was exalted by your worship.
You were not hungry.

You visited 8 branches of the dungeon, and saw 39 of its levels.
You visited the Abyss 2 times.
You also visited: Labyrinth, Sewer and Ice Cave.

You collected 4370 gold pieces.
You spent 1023 gold pieces at shops.

Inventory:

Hand Weapons
 t - a +0 quick blade
 Q - a +6 dagger of speed (weapon)
Missiles
 P - 7 throwing nets (quivered)
Armour
 u - a cursed +0 shield of poison resistance (worn)
 F - a cursed +2 hat of see invisible (worn)
 K - the cursed +0 cloak of Midwinter (worn) {rF+ rC+ Str-4 Slay+3}
   (You found it on level 8 of the Lair of Beasts)

   It affects your strength (-4).
   It affects your accuracy and damage with ranged weapons and melee attacks
   (+3).
   It protects you from fire.
   It protects you from cold.
   It has a curse placed upon it.
 O - a cursed +0 pair of boots (worn)
 U - a cursed +2 pair of gloves (worn)
Rods
 M - a -1 rod of shadows (13/13)
   (You took it off a deep elf high priest on level 3 of the Elven Halls)
Jewellery
 n - the cursed amulet of the Four Winds (around neck) {rN+ MR+++ Clar}
   (You found it on level 3 of the Spider Nest)

   [amulet of nothing]

   It protects you from negative energy.
   It affects your resistance to hostile enchantments.
   It protects you against confusion.
   It has a curse placed upon it.
 r - a cursed +5 ring of protection (left hand)
 v - an uncursed ring of magical power
 W - a cursed ring of protection from cold (right hand)
Wands
 h - a wand of acid (7/15)
 j - a wand of teleportation (2/9)
 A - a wand of teleportation (4/9)
 C - a wand of iceblast (4/15)
 G - a wand of teleportation (7/9)
 X - a wand of paralysis (16/24)
 Y - a wand of digging (14/24)
Scrolls
 a - 3 scrolls of recharging
 f - 3 scrolls of curse armour
 i - 2 scrolls of curse jewellery
 l - 2 scrolls of curse weapon
 p - 2 scrolls of enchant armour
 q - 10 scrolls of identify
 E - 6 scrolls of fog
 N - a scroll of amnesia
 R - 2 scrolls of magic mapping
 S - 6 scrolls of remove curse
Potions
 d - 5 potions of resistance
 k - 8 potions of haste
 o - 2 potions of magic
 s - 7 potions of curing
 w - 4 potions of berserk rage
 z - 3 potions of cancellation
 D - 6 potions of might
 H - 5 potions of heal wounds
 I - 3 potions of brilliance
 J - 8 potions of agility
 L - a potion of invisibility
 T - 6 potions of ambrosia
Miscellaneous
 m - a fan of gales
 x - a disc of storms
 B - a sack of spiders {used: 2}
Comestibles
 b - 3 slices of pizza
 c - 20 bread rations
 g - 18 meat rations


   Skills:
 + Level 15.0 Fighting
 + Level 14.0 Short Blades
 + Level 13.0(17.1) Dodging
 + Level 14.4(18.4) Stealth
 * Level 12.0(14.7) Shields
 + Level 13.2 Spellcasting
 + Level 13.5(17.6) Hexes
 * Level 13.6(17.7) Evocations


You had 17 spell levels left.
You knew the following spells:

 Your Spells              Type           Power        Failure   Level  Hunger
a - Tukima's Dance        Hex            ######..     0%          3    None
b - Silence               Hex/Air        #####.....   6%          5    ####...
c - Dazzling Spray        Conj/Hex       #####...     1%          3    None
d - Darkness              Hex            ######....   1%          6    ######.
e - Mass Confusion        Hex            ######....   1%          6    ######.
x - Confuse               Hex            ######..     0%          3    None
z - Ensorcelled Hibernat  Hex/Ice        #####.       1%          2    None


Dungeon Overview and Level Annotations

Branches:
Dungeon (15/15)            Temple (1/1) D:6            Lair (8/8) D:11
 Shoals (4/4) Lair:5       Spider (4/4) Lair:3        Slime (0/6) Lair:7
    Orc (2/2) D:9             Elf (3/3) Orc:2        Vaults (2/5) D:14
 Depths (0/5) D:15
  Crypt: Vaults:2-3

Altars:
Ashenzari
Cheibriados
Dithmenos
Elyvilon
Fedhas
Gozag
Kikubaaqudgha
Makhleb
Nemelex Xobeh
Okawaru
Pakellas
Qazlal
Ru
Sif Muna
Trog
Vehumet
Xom
Yredelemnul
Zin
The Shining One
Beogh
Jiyva

Shops:
D:12 :!=   D:13 *   Orc:2 !*([   Elf:2 (   Elf:3 :   Vaults:1 %

Annotations:
Shoals:1 exclusion: Roxanne, Roxanne


Innate Abilities, Weirdness & Mutations

You can breathe blasts of fire.
Your fiery red scales are hard (AC +10).
Your body does not fit into most forms of armour.
Your flesh is heat resistant.
You are cold-blooded and may be slowed by cold attacks.
Your large and strong wings let you fly indefinitely.
You possess an exceptional clarity of mind.
Your natural rate of healing is unusually fast.


Message History

Your great sword hits the vault guard.
The vault guard hits you but does no damage.
You barely miss the vault guard.
Your enchanted great mace hits the vault guard.
The vault guard completely misses you.
The stone giant completely misses your great sword.
You completely miss the vault guard.
The vault guard is lightly wounded.
You hit the vault guard.
The vault guard is lightly wounded.
Your great sword hits the vault guard.
The vault guard hits you but does no damage.
You closely miss the vault guard. You tail-slap the vault guard.
The vault guard is lightly wounded.
The vault guard completely misses you.
The vault guard hits you but does no damage.
Your enchanted great mace hits the vault guard!!
The stone giant hits your great sword.
You hear a horrible gurgling sound!
Are you sure you want to abandon this character and quit the game? (Confirm with "yes".)

##* *#### * ....∆#.$# ,.D...#..#
* #########
.....#C(#########...#...#..
.Do.C'.Dp.p.....#.......... *
.....#..#pp.....#...#...#..
,up..u#..#(@.....##.###.###<
{..u.u#..#.......#...#...#..
##########*####.......#...#...#..
#......# #.......'...#...#..
#......# #.......##.###.###.
#......# #.......#^^.#...#..
#......# #########.[.[......
#......# #[))#...#.. #......#
#####(#########


You could see a stone giant, 4 vault guards, a mottled dragon and 2 friendly
dancing weapons.

Vanquished Creatures
  Arachne (Spider:3)
  Jorgrun (Spider:3)
  4 deep elf blademasters
  2 deep elf master archers (Elf:3)
  A titan (Shoals:2)
  A kraken (Shoals:4)
  Gastronok (D:12)
  Ilsuiw (Shoals:4)
  Donald (Elf:2)
  9 deep elf sorcerers
  2 frost giants
  3 vault wardens
  An orc warlord (Orc:2)
  5 ghost moths (Spider:4)
  7 emperor scorpions (Spider:4)
  2 deep elf elementalists (Elf:3)
  The ghost of M4edhros the Peltast, an adept OpAr of Fedhas (Elf:1)
  Louise (D:15)
  2 stone giants
  A very ugly thing (Vaults:2)
  3 ironheart preservers (Vaults:2)
  Nessos (D:15)
  7 deep elf demonologists
  A lorocyproca (Abyss:3)
  3 deep elf annihilators
  A spark wasp (Spider:4)
  A minotaur (Lab)
  2 deep elf death magi (Elf:3)
  7 merfolk javelineers
  6 merfolk impalers
  2 fire dragons
  2 deep elf high priests (Elf:3)
  A great orb of eyes (Vaults:1)
  4 vault guards
  Fannar (Orc:1)
  6 yaktaur captains
  3 entropy weavers
  Josephine (D:15)
  An ice dragon (D:15)
  7 hydras
  2 rakshasas
  3 merfolk aquamancers
  6 centaur warriors
  4 ogre magi
  5 death yaks
  11 dancing weapons
  A deep troll earth mage (Vaults:2)
  2 merfolk avatars
  4 satyrs
  2 thrashing horrors
  3 orc high priests
  2 tengu warriors
  Urug (D:11)
  Sonja (D:10)
  Nergalle (Lair:4)
  10 deep elf knights
  2 wizards
  A fire crab (Lair:8)
  The ghost of George the Fencer, a novice MiFi (D:8)
  A giant orange brain (Vaults:2)
  17 sea snakes
  3 deep trolls (Vaults:2)
  6 unseen horrors
  6 deep elf archers
  4 hill giants
  17 harpies
  2 wolf spider zombies (D:14)
  An oklob plant (Lair:7)
  3 ironbrand convokers
  27 wolf spiders
  16 orb spiders
  5 orc knights
  17 griffons
  2 orc sorcerers (Orc:2)
  2 necromancers (Vaults:1)
  A wolf spider (shapeshifter) (Elf:3)
  11 hornets
  47 deep elf magi
  41 ugly things
  8 water nymphs
  17 cyclopes
  5 fauns
  3 moths of wrath
  2 worldbinders (Abyss:3)
  15 manticores
  9 black mambas
  12 elephants
  14 sirens
  A guardian serpent (shapeshifter) (D:13)
  A stone giant skeleton (Vaults:1)
  2 molten gargoyles (Lair:3)
  A gargoyle (D:12)
  A smoke demon (Abyss:3)
  A vault sentinel (Vaults:1)
  Psyche (D:10)
  A torpor snail (Spider:3)
  20 spiny frogs
  A yaktaur (shapeshifter) (Vaults:1)
  6 komodo dragons
  35 yaktaurs
  10 demonic crawlers
  6 fire drakes
  A yaktaur skeleton (Vaults:1)
  An efreet (D:13)
  A freezing wraith (Vaults:1)
  34 jumping spiders
  9 trolls
  35 merfolk
  A two-headed ogre (shapeshifter) (D:14)
  18 polar bears
  8 two-headed ogres
  A wind drake (Shoals:2)
  The ghost of namelastname112 the Sneak, an amateur DrEn (D:4)
  2 raiju (shapeshifter)
  5 giant leeches (Lair:8)
  A boulder beetle (Vaults:1)
  18 slime creatures
  9 blink frogs
  A hornet zombie (D:14)
  11 snapping turtles
  5 air elementals
  3 small abominations
  Sigmund (D:4)
  A centaur simulacrum (D:14)
  11 water elementals
  58 redbacks
  2 vampires
  A spriggan (shapeshifter) (D:12)
  28 tarantellas
  53 yaks
  5 wyverns
  A basilisk (D:12)
  A neqoxec (Abyss:3)
  A steam dragon (D:13)
  12 hippogriffs
  5 wraiths (D:15)
  3 fire elementals
  2 hungry ghosts (D:8)
  2 chaos spawn (Abyss:3)
  2 mottled dragons
  16 vampire mosquitoes
  5 wargs
  22 wolves
  11 water moccasins
  3 large abominations (Abyss:3)
  11 porcupines
  9 wasps
  An orc zombie (Vaults:1)
  4 ice beasts
  A swamp drake (shapeshifter) (Vaults:1)
  A black bear (Lair:2)
  16 ogres
  22 orc warriors
  2 eyes of draining
  4 sky beasts
  An ettin simulacrum (Vaults:1)
  A necrophage (D:10)
  3 boggarts (D:15)
  4 phantoms
  10 centaurs
  19 crocodiles
  3 big kobolds
  28 giant frogs
  3 earth elementals (Elf:3)
  4 scorpions
  17 killer bees
  8 wights
  A human simulacrum (Vaults:1)
  6 electric eels
  3 crimson imps
  2 giant frog zombies
  4 centaur zombies
  5 lava snakes (Lair:3)
  A quasit (D:13)
  3 hounds
  21 orc priests
  6 centaur skeletons
  2 giant frog skeletons
  5 jellies
  8 iguanas
  Jessica (D:2)
  16 orc wizards
  12 worker ants
  2 killer bee zombies
  43 sheep
  8 gnolls
  18 adders
  31 river rats
  A shadow imp (D:8)
  A white imp (Abyss:3)
  2 oozes (D:1)
  2 adder skeletons
  4 worms
  9 giant geckos
  97 orcs
  4 ball pythons
  6 bats
  11 giant cockroaches
  3 goblins
  5 hobgoblins
  4 jackals
  22 kobolds
  5 quokkas
  9 giant newts
  6 rats
  2 fungi (Lair:8)
  A plant (Lair:8)
1545 creatures vanquished.

Vanquished Creatures (collateral kills)
  A tengu reaver (Abyss:3)
  A frost giant (Shoals:2)
  5 deep elf sorcerers
  A vault warden (Vaults:2)
  2 ironheart preservers
  2 deep elf demonologists (Elf:3)
  A deep elf annihilator (Elf:3)
  A deep elf death mage (Elf:3)
  4 merfolk impalers
  4 vault guards
  2 merfolk aquamancers (Shoals:4)
  An ogre mage (Vaults:2)
  2 orc high priests (Orc:2)
  4 deep elf knights
  A wizard (D:14)
  3 hill giants
  2 orc knights
  18 deep elf magi
  An ugly thing (Vaults:1)
  2 orc sorcerers (Orc:2)
  A manticore (Shoals:4)
  3 vault sentinels (Vaults:1)
  5 merfolk
  2 trolls
  2 two-headed ogres
  Edmund (D:6)
  A water moccasin (D:11)
  22 orc warriors
  A sky beast (D:11)
  10 ogres
  2 giant frogs (D:14)
  A giant frog (shapeshifter) (Vaults:2)
  A scorpion (D:14)
  7 wights
  13 orc priests
  7 orc wizards
  2 gnolls
  19 orcs
  A jackal (D:7)
  A quokka (D:12)
  A giant newt (D:7)
161 creatures vanquished.

Vanquished Creatures (others)
  3 polar bears (IceCv)
  34 dancing weapons
  A redback (Spider:3)
  A wolf (IceCv)
  18 fungi (Lair:8)
  38 plants
95 creatures vanquished.

Grand Total: 1801 creatures vanquished

Notes
Turn   | Place    | Note
--------------------------------------------------------------
     0 | D:1      | namelastname112 the Draconian Enchanter began the quest for the Orb.
     0 | D:1      | Reached XP level 1. HP: 14/14 MP: 3/3
   211 | D:1      | Reached XP level 2. HP: 22/22 MP: 5/5
   215 | D:1      | Learned a level 2 spell: Ensorcelled Hibernation
   454 | D:1      | Reached skill level 3 in Stealth
   782 | D:2      | Reached XP level 3. HP: 23/27 MP: 3/6
   787 | D:2      | Learned a level 3 spell: Confuse
  1149 | D:2      | Noticed Jessica
  1155 | D:2      | Killed Jessica
  1166 | D:2      | Found a deep blue altar of Sif Muna.
  1179 | D:2      | Reached XP level 4. HP: 23/34 MP: 7/7
  1395 | D:2      | Reached skill level 1 in Fighting
  2018 | D:3      | Found Zin's Purification Station.
  2025 | D:3      | Found a glowing silver altar of Zin.
  2161 | D:3      | Reached XP level 5. HP: 36/40 MP: 6/9
  2178 | D:3      | Found a glowing drain.
  2187 | Sewer    | Entered a sewer
  2665 | Sewer    | Reached XP level 6. HP: 40/49 MP: 2/10
  2681 | Sewer    | Got an iridescent hand crossbow
  2682 | Sewer    | Identified the +10 hand crossbow of Hixud {freeze, rElec} (You found it in a sewer)
  3087 | D:4      | Learned a level 3 spell: Tukima's Dance
  3145 | D:4      | Noticed namelastname112's ghost (amateur DrEn)
  3154 | D:4      | Reached skill level 4 in Stealth
  3199 | D:4      | Killed namelastname112's ghost
  3199 | D:4      | Reached XP level 7. HP: 38/57 MP: 0/12
  3199 | D:4      | Your scales start taking on a fiery red colour.
  3199 | D:4      | Gained mutation: Your flesh is heat resistant. [Red Draconian growth]
  3312 | D:4      | Noticed Sigmund
  3317 | D:4      | Killed Sigmund
  3716 | D:4      | Found a radiant altar of Vehumet.
  4098 | D:5      | Entered Level 5 of the Dungeon
  4122 | D:5      | Reached XP level 8. HP: 66/66 MP: 13/13
  4836 | D:5      | Reached skill level 5 in Stealth
  5085 | D:6      | Reached skill level 5 in Hexes
  5186 | D:6      | Noticed Edmund
  5212 | D:6      | Killed Edmund
  5232 | D:6      | Found a staircase to the Ecumenical Temple.
  5244 | Temple   | Entered the Ecumenical Temple
  5274 | D:6      | Got a shimmering blowgun
  5275 | D:6      | Identified the +5 blowgun of the Hidden Vale {speed, Int+3} (You found it on level 6 of the Dungeon)
  5299 | D:6      | Reached XP level 9. HP: 68/73 MP: 16/16
  5579 | D:7      | Reached skill level 5 in Fighting
  5616 | D:7      | Reached skill level 5 in Spellcasting
  5627 | D:7      | Reached skill level 5 in Short Blades
  6336 | D:7      | Reached skill level 5 in Dodging
  6366 | D:7      | Found a sacrificial altar of Ru.
  6417 | D:8      | Noticed a centaur warrior
  6419 | D:8      | Reached skill level 6 in Stealth
  6435 | D:8      | Noticed George's ghost (novice MiFi)
  6451 | D:8      | Killed a centaur warrior
  6463 | D:8      | Found a sacrificial altar of Ru.
  6742 | D:8      | Reached XP level 10. HP: 56/83 MP: 15/18
  7080 | D:8      | Got a wavering platinum amulet
  7082 | D:8      | Identified the amulet of the Hart {Inacc Dex+4} (You found it on level 8 of the Dungeon)
  7202 | D:8      | Killed George's ghost
  7325 | D:8      | Found a shattered altar of Ashenzari.
  7491 | D:8      | Noticed a manticore
  7492 | D:8      | Found a snail-covered altar of Cheibriados.
  7506 | D:8      | Killed a manticore
  7675 | D:8      | Found a glowing golden altar of the Shining One.
  7837 | D:9      | Got a steaming war axe
  7838 | D:9      | Identified the cursed +3 war axe of the Hundredfold Beds {speed, rElec Str+2} (You found it on level 9 of the Dungeon)
  7888 | D:9      | Reached skill level 7 in Stealth
  8276 | D:9      | Found a staircase to the Orcish Mines.
  8313 | D:8      | Found a basalt altar of Yredelemnul.
  8324 | D:8      | Became a worshipper of Ashenzari the Shackled
  8358 | D:8      | Learned a level 3 spell: Tukima's Dance
  8469 | D:10     | Entered Level 10 of the Dungeon
  8599 | D:10     | Killed an unseen horror
  8599 | D:10     | Reached skill level 1 in Evocations
  8781 | D:10     | Noticed Sonja
  8788 | D:10     | Killed Sonja
  8788 | D:10     | Reached XP level 11. HP: 80/92 MP: 8/20
  9170 | D:10     | Reached * piety under Ashenzari
  9307 | D:10     | Killed an unseen horror
  9328 | D:10     | Noticed Psyche
  9343 | D:10     | Killed Psyche
  9376 | D:10     | Killed an unseen horror
  9746 | D:10     | Gained mutation: You are dopey. (Int -2) [mutagenic meat]
  9747 | D:10     | Gained mutation: Your flesh is cold resistant. [mutagenic meat]
  9748 | D:10     | Gained mutation: Scrolls take you a little longer to read. [mutagenic meat]
  9749 | D:10     | Gained mutation: Your natural rate of healing is unusually fast. [mutagenic meat]
  9750 | D:10     | Gained mutation: Potions and wands are less effective at restoring your health. [mutagenic meat]
  9795 | D:10     | Gained mutation: Scrolls take you longer to read. [potion of mutation]
  9795 | D:10     | Gained mutation: Scrolls take you much longer to read. [potion of mutation]
  9795 | D:10     | Gained mutation: You possess an exceptional clarity of mind. [potion of mutation]
  9796 | D:10     | Gained mutation: You have a pair of small antennae on your head. [potion of mutation]
  9796 | D:10     | Gained mutation: You passively map a small area around you. [potion of mutation]
  9797 | D:10     | Lost mutation: You are dopey. (Int -2) [potion of cure mutation]
  9797 | D:10     | Lost mutation: Your flesh is cold resistant. [potion of cure mutation]
  9797 | D:10     | Lost mutation: You passively map a small area around you. [potion of cure mutation]
  9797 | D:10     | Lost mutation: You have a pair of small antennae on your head. [potion of cure mutation]
  9797 | D:10     | Lost mutation: Scrolls take you much longer to read. [potion of cure mutation]
  9832 | D:11     | Found an opulent altar of Gozag.
 10047 | D:11     | Found a staircase to the Lair.
 10066 | D:11     | Reached skill level 8 in Fighting
 10133 | D:11     | Noticed a hill giant
 10160 | D:11     | Killed a hill giant
 10168 | D:11     | Gained mutation: You tend to lose your temper in combat. [mutagenic meat]
 10169 | D:11     | Gained mutation: Your large and strong wings let you fly indefinitely. [mutagenic meat]
 10170 | D:11     | Gained mutation: You are clumsy. (Dex -2) [mutagenic meat]
 10263 | D:11     | Noticed a cyan ugly thing
 10270 | D:11     | Killed a cyan ugly thing
 10355 | D:11     | Noticed a hill giant
 10359 | D:11     | Killed a hill giant
 10524 | D:11     | Noticed Urug
 10533 | D:11     | Killed Urug
 10809 | D:11     | Reached ** piety under Ashenzari
 10962 | D:12     | Found Fathakhlu's Jewellery Shoppe.
 10984 | D:12     | Noticed Gastronok
 10998 | D:12     | Killed Gastronok
 10998 | D:12     | Reached XP level 12. HP: 103/103 MP: 23/23
 11192 | D:12     | Found Qer Own's Book Shoppe.
 11457 | D:12     | Found Urhaleurph's Distillery.
 12041 | D:13     | Found a labyrinth entrance.
 12041 | D:13     | Found a radiant altar of Vehumet.
 12046 | Lab      | Entered a labyrinth
 12432 | Lab      | Noticed a minotaur
 12435 | Lab      | Killed a minotaur
 12435 | Lab      | Reached skill level 9 in Fighting
 12448 | Lab      | Learned a level 3 spell: Dazzling Spray
 12465 | D:13     | Reached skill level 5 in Evocations
 12482 | D:13     | Reached *** piety under Ashenzari
 12483 | D:13     | Noticed a seven-headed hydra
 12681 | D:13     | Killed a seven-headed hydra
 12967 | D:13     | Found Fuocepp's General Store.
 13012 | D:13     | Noticed a stone giant
 13088 | D:12     | Noticed an ice dragon
 13088 | D:12     | Noticed a yaktaur captain
 13088 | D:12     | Noticed a deep troll earth mage
 13090 | D:12     | Noticed a vampire knight
 13258 | Lair:1   | Entered Level 1 of the Lair of Beasts
 13258 | Lair:1   | Found a frozen archway.
 13263 | IceCv    | Entered an ice cave
 13323 | IceCv    | Identified the +1 war axe "Tintyqy" {antimagic, rElec rPois MR+ MP-9 Str+4}
 13650 | IceCv    | Reached XP level 13. HP: 111/111 MP: 25/25
 13985 | IceCv    | Noticed a frost giant
 14061 | IceCv    | XOM: noise
 14062 | IceCv    | XOM: swap monsters
 14078 | IceCv    | Killed a frost giant
 14987 | Lair:2   | Reached **** piety under Ashenzari
 15163 | Lair:2   | Reached skill level 10 in Fighting
 15717 | Lair:3   | XOM: swap monsters
 15718 | Lair:3   | XOM: swap monsters
 15719 | Lair:3   | XOM: swap monsters
 15723 | Lair:3   | XOM: swap monsters
 15725 | Lair:3   | XOM: swap monsters
 15726 | Lair:3   | XOM: swap monsters
 15728 | Lair:3   | XOM: swap monsters
 16186 | Lair:3   | Reached ***** piety under Ashenzari
 16293 | Lair:3   | Found a hole to the Spider Nest.
 16722 | Lair:4   | Noticed Nergalle
 16741 | Lair:4   | Killed Nergalle
 18095 | Lair:5   | Identified the +5 falchion of Theory {flame, rF+ Int+5}
 18107 | Lair:5   | Reached skill level 10 in Stealth
 18193 | Lair:5   | Found a staircase to the Shoals.
 18394 | Lair:6   | Reached XP level 14. HP: 62/122 MP: 2/27
 18546 | Lair:6   | Reached skill level 10 in Short Blades
 19467 | Lair:7   | Found a staircase to the Slime Pits.
 19469 | Lair:7   | Found a viscous altar of Jiyva.
 20316 | Lair:8   | Entered Level 8 of the Lair of Beasts
 20370 | Lair:8   | XOM: swap monsters
 20606 | Lair:8   | Identified the cursed +0 cloak of Midwinter {rF+ rC+ Str-4 Slay+3}
 20623 | Lair:8   | Reached skill level 10 in Hexes
 21017 | Lair:8   | Reached skill level 11 in Fighting
 22022 | Lair:8   | Reached skill level 10 in Dodging
 23110 | D:10     | Reached XP level 15. HP: 130/130 MP: 28/28
 23291 | D:3      | Bought a potion of cure mutation for 750 gold pieces
 23291 | D:3      | Lost mutation: You possess an exceptional clarity of mind. [potion of cure mutation]
 23291 | D:3      | Lost mutation: Scrolls take you longer to read. [potion of cure mutation]
 23291 | D:3      | Lost mutation: You tend to lose your temper in combat. [potion of cure mutation]
 23460 | Orc:1    | Entered Level 1 of the Orcish Mines
 23460 | Orc:1    | Noticed Fannar
 23469 | Orc:1    | Killed Fannar
 23820 | Orc:1    | Reached ****** piety under Ashenzari
 24010 | Orc:2    | Entered Level 2 of the Orcish Mines
 24426 | Orc:2    | Found Poigg's Antique Armour Emporium.
 24450 | Orc:2    | Bought a pair of embroidered gloves for 117 gold pieces
 24458 | Orc:2    | Found Saocvawnie's Antique Weapon Shoppe.
 24521 | Orc:2    | Found a roughly hewn altar of Beogh.
 24801 | Orc:2    | Found a roughly hewn altar of Beogh.
 24802 | Orc:2    | Noticed an orc warlord
 24813 | Orc:2    | Reached skill level 10 in Spellcasting
 25056 | Orc:2    | Killed an orc warlord
 25249 | Orc:2    | Found Wausk's Distillery.
 25545 | Orc:2    | Found Ojunkeustu's Assorted Antiques.
 25557 | Orc:2    | Bought a scroll of remove curse for 78 gold pieces
 25557 | Orc:2    | Bought a scroll of remove curse for 78 gold pieces
 25761 | Orc:2    | Found a staircase to the Elven Halls.
 27027 | D:13     | Lost mutation: Scrolls take you a little longer to read. [potion of cure mutation]
 27027 | D:13     | Lost mutation: You are clumsy. (Dex -2) [potion of cure mutation]
 27027 | D:13     | Lost mutation: Potions and wands are less effective at restoring your health. [potion of cure mutation]
 27028 | D:13     | Gained mutation: You are robust (+10% HP). [potion of beneficial mutation]
 27029 | D:13     | Gained mutation: You possess an exceptional clarity of mind. [potion of beneficial mutation]
 27305 | D:14     | Found a gate to the Vaults.
 27923 | D:14     | Reached skill level 12 in Fighting
 28225 | D:15     | Entered Level 15 of the Dungeon
 28225 | D:15     | Noticed Josephine
 28225 | D:15     | Noticed Nessos
 28225 | D:15     | Noticed Louise
 28316 | D:15     | Found a white marble altar of Elyvilon.
 28402 | D:15     | Cast into level 3 of the Abyss (Louise)
 28423 | Abyss:3  | Found a corrupted altar of Lugonu.
 28427 | Abyss:3  | Noticed a tentacled starspawn
 28799 | Abyss:3  | Found a corrupted altar of Lugonu.
 28817 | Abyss:3  | Found a corrupted altar of Lugonu.
 28959 | D:15     | Escaped the Abyss
 29602 | D:15     | Killed Josephine
 29925 | D:15     | XOM: swap monsters
 29928 | D:15     | Killed Louise
 29928 | D:15     | Reached XP level 16. HP: 152/152 MP: 30/30
 29972 | D:15     | Killed Nessos
 30104 | D:15     | Found a staircase to the Depths.
 30505 | Elf:1    | Entered Level 1 of the Elven Halls
 30769 | Elf:1    | Identified the Tome of Attacks and Heat (You found it on level 1 of the Elven Halls)
 30799 | Elf:1    | Noticed M4edhros's ghost (adept OpAr)
 30800 | Elf:1    | XOM: swap monsters
 30802 | Elf:1    | XOM: swap monsters
 30810 | Elf:1    | Killed M4edhros's ghost
 30918 | Elf:1    | Identified the +4 trident "Wuaneqei" {venom, +Rage}
 31141 | Elf:1    | Reached skill level 10 in Evocations
 31345 | Elf:1    | XOM: swap monsters
 31748 | Elf:2    | Found a deep blue altar of Sif Muna.
 31807 | Elf:2    | Noticed Donald
 31845 | Elf:2    | Killed Donald
 31896 | Elf:2    | Found Uhiaf's Weapon Boutique.
 31900 | Elf:2    | XOM: swap monsters
 31901 | Elf:2    | XOM: swap monsters
 31980 | Elf:2    | Reached skill level 1 in Shields
 32259 | Elf:2    | Found a runed gate.
 32259 | Elf:2    | Found a runed gate.
 32259 | Elf:2    | Found a runed gate.
 32289 | Elf:2    | XOM: swap monsters
 32506 | Elf:3    | Entered Level 3 of the Elven Halls
 32564 | Elf:3    | Found Zil Raa's One-of-a-Kind Books.
 32646 | Elf:3    | Identified a +4 rod of ignition (9/9)
 32647 | Elf:3    | Noticed a deep elf blademaster
 32650 | Elf:3    | Identified the cursed +0 hand axe "Kaipriamm" {chop, *Rage Int+4 Dex+4}
 32669 | Elf:3    | Identified a +7 rod of ignition (12/12)
 32990 | Spider:1 | Entered Level 1 of the Spider Nest
 33809 | Spider:2 | Reached XP level 17. HP: 162/162 MP: 13/32
 34304 | Spider:3 | Noticed Arachne
 34312 | Spider:3 | Killed Arachne
 34312 | Spider:3 | Reached skill level 13 in Fighting
 34464 | Spider:3 | Noticed Jorgrun
 34696 | Spider:3 | Killed Jorgrun
 34955 | Spider:4 | Entered Level 4 of the Spider Nest
 35031 | Spider:4 | Reached skill level 5 in Shields
 36784 | Spider:4 | Identified the +10 hand axe "Uxkafile" {freeze, Int-5 Dex+5 Stlth+}
 36805 | Spider:4 | Paralysed by a hornet for 2 turns
 37312 | Spider:4 | Got a gossamer rune of Zot
 38139 | Spider:2 | Reached XP level 18. HP: 173/173 MP: 30/33
 38656 | Shoals:1 | Entered Level 1 of the Shoals
 38668 | Shoals:1 | Noticed Roxanne
 41960 | Shoals:4 | Entered Level 4 of the Shoals
 41992 | Shoals:4 | Reached skill level 14 in Fighting
 42099 | Shoals:4 | Identified the amulet of Wisismos {Harm *Drain +Blink Str-3 Dex+3}
 42103 | Shoals:4 | Identified the +8 falchion of Innocence {freeze, rN+ Str+3 Stlth-}
 42568 | Shoals:4 | XOM: swap monsters
 42895 | Shoals:4 | Noticed Ilsuiw
 42921 | Shoals:4 | XOM: swap monsters
 42924 | Shoals:4 | XOM: swap monsters
 42927 | Shoals:4 | XOM: swap monsters
 42930 | Shoals:4 | XOM: swap monsters
 42935 | Shoals:4 | XOM: swap monsters
 42947 | Shoals:4 | XOM: swap monsters
 42953 | Shoals:4 | Killed Ilsuiw
 43184 | Shoals:4 | Reached XP level 19. HP: 122/183 MP: 2/35
 43605 | Shoals:4 | Got a barnacled rune of Zot
 45272 | Elf:3    | XOM: swap monsters
 45324 | Elf:3    | Reached skill level 10 in Shields
 45704 | Elf:3    | XOM: swap monsters
 45705 | Elf:3    | XOM: swap monsters
 45716 | Elf:3    | Noticed a Brimstone Fiend
 45880 | Elf:3    | XOM: swap monsters
 45990 | Elf:3    | XOM: swap monsters
 46730 | Elf:3    | Identified a -1 rod of shadows (13/13) (You took it off a deep elf high priest on level 3 of the Elven Halls)
 47869 | Elf:3    | Noticed a Brimstone Fiend
 48042 | Elf:3    | XOM: swap monsters
 48378 | Elf:3    | Identified the Catalogue of Creation (You found it on level 3 of the Elven Halls)
 48420 | Elf:3    | Learned a level 5 spell: Silence
 48427 | Elf:3    | Learned a level 6 spell: Darkness
 48434 | Elf:3    | Learned a level 6 spell: Mass Confusion
 48886 | Elf:3    | XOM: swap monsters
 49378 | Vaults:1 | Entered Level 1 of the Vaults
 49678 | Vaults:1 | XOM: swap monsters
 49808 | Vaults:1 | Found Dour Jene's Food Shop.
 50322 | Vaults:1 | XOM: swap monsters
 50323 | Vaults:1 | XOM: swap monsters
 50505 | Vaults:1 | Reached XP level 20. HP: 180/193 MP: 23/36
 52353 | Vaults:2 | Upgraded the game from 0.18-a0-1225-g5d63bca to 0.18-a0-1229-ge9a1a01
 53913 | Vaults:2 | Reached skill level 15 in Fighting
 54047 | Vaults:2 | Cast into level 2 of the Abyss (deep elf sorcerer)
 54047 | Abyss:2  | Found a corrupted altar of Lugonu.
 54178 | Abyss:2  | Found a sacrificial altar of Ru.
 54274 | Abyss:3  | Noticed a bone dragon
 54415 | Abyss:3  | Noticed a bone dragon
 54439 | Abyss:3  | Found a corrupted altar of Lugonu.
 54508 | Abyss:3  | Got an abyssal rune of Zot
 54620 | Abyss:3  | Lost mutation: You are robust (+10% HP). [a neqoxec]
 54628 | Abyss:3  | Found a shimmering altar of Xom.
 54765 | Vaults:2 | Escaped the Abyss
 55100 | Vaults:2 | Quit the game

Vault maps used:
D:1:      dpeg_arrival_rhombus
D:2:      old_standard_altar, uniq_jessica
D:3:      zin_purify, first_bread, gup_sewer_entry_bubbles
D:4:      wad_crossroads, nicolae_overflow_crystal_walls,
          minmay_strange_pillars, uniq_sigmund
D:5:      st_stairs_6
D:6:      minmay_temple_entry_statues_pillars, uniq_edmund
D:7:      grunt_ministairs_12, grunt_ogre_cave, hangedman_decor_opposing,
          nicolae_ru_path_of_blood
D:8:      minmay_cut_squares, old_standard_altar,
          nicolae_overflow_hidden_temple, serial_curves, eino_curves_01,
          eino_curves_01
D:9:      orc_0_dummy
D:10:     boulder_indie, nrook_loot_triangle, uniq_sonja, uniq_psyche
D:11:     minmay_lair_entry_lava, grunt_gozag_statues, uniq_urug
D:12:     minmay_connected_triangles_in_corner, serial_shops,
          nicolae_shop_stone, kennysheep_little_box, nicolae_shop_behind_doors,
          uniq_gastronok
D:13:     serial_shops, shop, lab_entry_generic, basic_altar
D:14:     lightli_vaults_fourway_checkpoint, serial_park_tiny_2
D:15:     grunt_enter_depths_hoard, serial_bayou_pond_c, basic_altar,
          uniq_josephine, uniq_nessos, uniq_louise
Temple:   temple_eino_lava_12
Lair:1:   portal_ice_cave_entry_pillars_01, columned_hall_lemuel
Lair:3:   cheibrodos_magma_flow, nicolae_spider_entry_orb_guardian, st_stairs_13
Lair:4:   uniq_nergalle
Lair:5:   minmay_shoals_entry_lonely_mermaid, minivault_24, grunt_megastairs_2
Lair:7:   slime_altar_1, grunt_megastairs_1
Lair:8:   minmay_lair_end_frog_pond
Shoals:1: uniq_roxanne
Shoals:2: st_sunken_temple
Shoals:4: shoals_end_grunt_ice, shoals_ilsuiw_ice
Spider:3: uniq_arachne, uniq_jorgrun
Spider:4: guppyfry_spider_rune
Orc:1:    uniq_fannar
Orc:2:    pubby_orc_utopia, serial_shops
Elf:1:    minmay_elf_crystal_hexagon, minmay_elf_annihilation,
          grunt_ministairs_15
Elf:2:    serial_shops, shop_statue, david_defended_altar_elf,
          basic_stair_grate_trap, uniq_donald, uniq_asterion
Elf:3:    grunt_elf_hall_asides, nicolae_rare_books
Vaults:1: nicolae_vaults_triangles, nicolae_vaults_theta, vaults_room_fours,
          v_misc_33, nicolae_vaults_big_angled_halls, v_misc_19,
          vaults_room_grunt_arrival_ludios, ontoclasm_vaults_shuriken,
          vaults_room_pool, dpeg_vaults_monster_box, vaults_room_fours,
          ontoclasm_vaults_pinch, vaults_room_pool,
          nicolae_vaults_little_squares_4, serial_shops, shop_coins
Vaults:2: hangedman_vaults_hat, v_misc_30, grunt_vaults_hallway_short, v_misc_9,
          nicolae_vaults_rhombus_6, hangedman_vaults_slice,
          hangedman_vaults_maws, nicolae_vaults_twisting_passages,
          minmay_crypt_entry_simple_sparse, vaults_room_guarded_vault,
          vaults_room_stairs_pillars, vaults_room_grid
Abyss:3:  evilmike_abyss_rune_elephants, nicolae_abyss_rune_more_like_crabyss
Lab:      labyrinth_watery
Sewer:    sewer_frog_island_01
IceCv:    ice_cave_caverns_03

Action                   |  1- 3 |  4- 6 |  7- 9 | 10-12 | 13-15 | 16-18 | 19-21 || total
-------------------------+-------+-------+-------+-------+-------+-------+-------++-------
Melee: Dagger            |    85 |   210 |   318 |   707 |  1793 |  1059 |  1538 ||  5710
Throw: Javelin           |       |       |     2 |       |       |       |       ||     2
       Throwing net      |       |       |       |       |       |     2 |       ||     2
 Cast: Corona            |     3 |       |       |       |       |       |       ||     3
       Ensorcelled Hiber |     8 |    14 |    15 |    94 |   391 |   509 |   123 ||  1154
       Confuse           |       |     6 |    37 |    85 |   145 |    63 |    59 ||   395
       Tukima's Dance    |       |       |    17 |    11 |    75 |    36 |   136 ||   275
       Dazzling Spray    |       |       |       |       |    44 |   116 |   153 ||   313
       Mass Confusion    |       |       |       |       |       |       |    11 ||    11
Invok: Scrying           |       |       |       |     2 |       |     5 |     1 ||     8
 Abil: Breathe Fire      |       |       |     7 |     9 |     7 |     8 |    13 ||    44
       Fly               |       |       |       |       |     1 |       |       ||     1
Evoke: Piece from Xom's  |       |       |       |       |    12 |    15 |    14 ||    41
       Wand              |       |       |       |       |     1 |     6 |     4 ||    11
       Deck              |       |       |       |       |       |     2 |       ||     2
       Sack of spiders   |       |       |       |       |       |       |     2 ||     2
  Use: Scroll            |     3 |       |     1 |    35 |    21 |     9 |    15 ||    84
       Potion            |       |     1 |       |     3 |     5 |     2 |       ||    11
 Stab: Sleeping          |    11 |     9 |    21 |    59 |   255 |   290 |    69 ||   714
       Confused          |       |     3 |     7 |    38 |    70 |    46 |    52 ||   216
       Distracted        |       |       |     1 |     3 |    10 |     5 |     5 ||    24
       Invisible         |       |       |       |       |     7 |    43 |    52 ||   102
       Paralysed         |       |       |       |       |       |     1 |     2 ||     3
       Held in net/web   |       |       |       |       |       |     2 |       ||     2
  Eat: Chunk             |     1 |     9 |    13 |    22 |    27 |    12 |    12 ||    96
       Pizza             |       |       |     1 |     3 |       |     1 |     1 ||     6
       Beef jerky        |       |       |     3 |     3 |     4 |     4 |     3 ||    17
       Royal jelly       |       |       |       |     1 |       |     2 |       ||     3
       Meat ration       |       |       |       |     1 |     3 |     2 |     5 ||    11
       Fruit             |       |       |       |       |     4 |       |       ||     4
       Bread ration      |       |       |       |       |       |     2 |     1 ||     3
